[Event "Late-Titled-Tuesday-Blitz-April-23-2024"]
[Site "Chess.com"]
[Date "2024.04.23"]
[Round "1"]
[White "Meri-Arabidze"]
[Black "Chessdude1987"]
[Result "1-0"]
[WhiteElo "2680"]
[BlackElo "2373"]
[TimeControl "180+1"]
[EndTime "14:05:11 PDT"]
[Termination "Meri-Arabidze won by resignation"]

1. c4 e6 2. Nf3 f5 3. g3 Nf6 4.
Bg2 Be7 5. O-O O-O 6. Nc3 d6 7. d4 Ne4 8. Qc2 Nxc3 9. bxc3 Bf6 10. e4 fxe4 11. Qxe4 d5 12. Qe2 c5 13. Bf4 Nc6 14.
Rad1 cxd4 15. cxd4 b6 16. Rfe1 Na5 17. Ne5 Ba6 18. Qg4 Re8 19. cxd5 exd5 20. h4 Rc8 21. h5 Nc4 22. h6 Re7 23. hxg7 Rxg7 24. Qe6+ Kf8 25.
Bxd5 Nd6 26. Nd7+ Qxd7 27. Qxf6+ Nf7 28. Bh6 1-0

[Event "Late-Titled-Tuesday-Blitz-April-23-2024"]
[Site "Chess.com"]
[Date "2024.04.23"]
[Round "1"]
[White "TangerineandLemon25"]
[Black "cristiano78"]
[Result "1-0"]
[WhiteElo "2619"]
[BlackElo "2265"]
[TimeControl "180+1"]
[EndTime "14:05:11 PDT"]
[Termination "TangerineandLemon25 won by resignation"]

1. e4 c5 2. Nf3 d6 3. d4 cxd4 4.
Nxd4 Nf6 5. Nc3 a6 6. Rg1 e5 7.
Nb3 h6 8. g4 Nc6 9. h4 Be6 10.
g5 hxg5 11. hxg5 Nd7 12. g6 f6 13. Be3 Nc5 14. Nd5 Rc8 15. Nc3 Nxb3 16. axb3 Be7 17. Qd2 Nb4 18. f4 d5 19. f5 Bg8 20. exd5 Nxd5 21. Nxd5 Qxd5 22. Bg2 Qxd2+ 23. Kxd2 Rd8+ 24. Ke1 Bd5 25. Kf2 Bxg2 26. Rxg2 Kd7 27. Ke2 Kc6 28. Rf1 Bc5 29. Bd2 Rh3 30. Bc1 Rd4 31.
c3 Re4+ 32. Kd1 b5 33. Kc2 Be3 34. Re1 Kd5 35. Rd1+ Kc6 36. Rd3 Bxc1 37. Rxh3 Bg5 38. Rxg5 fxg5 39. f6 gxf6 40. g7 1-0

[Event "Late-Titled-Tuesday-Blitz-April-23-2024"]
[Site "Chess.com"]
[Date "2024.04.23"]
[Round "1"]
[White "jinbojinbo"]
[Black "MajorCoast"]
[Result "1-0"]
[WhiteElo "2651"]
[BlackElo "2343"]
[TimeControl "180+1"]
[EndTime "14:05:12 PDT"]
[Termination "jinbojinbo won by resignation"]

1. c4 e6 2. Nc3 d5 3. e3 Nf6 4. Nf3 c5 5. cxd5 exd5 6. d4 Nc6 7. Bb5 Bd6 8. dxc5 Bxc5 9. O-O O-O 10. b3 Bg4 11. Bb2 d4 12. Na4 Bxf3 13. Qxf3 Bb6 14.
Bxc6 bxc6 15. Nxb6 axb6 16. Bxd4 Nd5 17. a4 c5 18. Bxg7 Kxg7 19. Rad1 Qf6 20. Qxd5 Rfd8 21. Qc4 Rxd1 22. Rxd1 Rd8 23. Qg4+ Kh6 24. Rxd8 Qxd8 25.
h3 Qd5 26. Qc4 Qd1+ 27. Kh2 Qe1 28. Qxf7 Qb4 29. Qf4+ 1-0

[Event "Late-Titled-Tuesday-Blitz-April-23-2024"]
[Site "Chess.com"]
[Date "2024.04.23"]
[Round "1"]
[White "maurovargas01"]
[Black "Itay121"]
[Result "0-1"]
[WhiteElo "1912"]
[BlackElo "2553"]
[TimeControl "180+1"]
[EndTime "14:05:12 PDT"]
[Termination "Itay121 won on time"]

1. e4 e5 2. Nf3 d5 3. exd5 Nf6 4. Bc4 e4 5. Qe2 Bd6 6. O-O O-O 7. Nd4 c5 8. Nb5 Bxh2+ 9. Kxh2 Ng4+ 10. Kg1 Qh4 11. Qxg4 Bxg4 12. Nc7 Bf3 13. Re1 Qg4 14. Bf1 Nd7 15.
Nxa8 Ne5 16. d4 cxd4 17. Nd2 Bxg2 18. Bxg2 Nf3+ 19. Kf1 Nh2+ 20. Kg1 Nf3+ 21. Nxf3 exf3 0-1

[Event "Late-Titled-Tuesday-Blitz-April-23-2024"]
[Site "Chess.com"]
[Date "2024.04.23"]
[Round "1"]
[White "Thjop"]
[Black "yuriydovzik"]
[Result "1-0"]
[WhiteElo "2577"]
[BlackElo "2147"]
[TimeControl "180+1"]
[EndTime "14:05:15 PDT"]
[Termination "Thjop won on time"]

1. e4 c6 2. d4 Na6 3. c4 c5 4. d5 d6 5. Nc3 g6 6. f4 Bg7 7.
Nf3 Nc7 8. h3 h5 9. Bd3 a6 10. Qe2 Nh6 11. Bd2 Bd7 12. a4 O-O 13. f5 e6 14. g4 exd5 15. cxd5 Re8 16. O-O-O b5 17. Qg2 c4 18. Bc2 b4 19. gxh5 bxc3 20. Bxc3 Bxc3 21. bxc3 Qf6 22. hxg6 fxg6 23. Rhg1 1-0

[Event "Late-Titled-Tuesday-Blitz-April-23-2024"]
[Site "Chess.com"]
[Date "2024.04.23"]
[Round "1"]
[White "SCIM"]
[Black "gorgeous1083"]
[Result "1-0"]
[WhiteElo "2566"]
[BlackElo "2085"]
[TimeControl "180+1"]
[EndTime "14:05:17 PDT"]
[Termination "SCIM won on time"]

1. e4 e6 2. d4 d5 3. Nc3 Bb4 4. Ne2 c5 5. dxc5 Bxc5 6. exd5 exd5 7. Nxd5 Nf6 8. Nec3 O-O 9. Bg5 Re8+ 10. Be2 Bg4 11. Nxf6+ gxf6 12. Qxd8 Rxd8 13. Bxf6 Re8 14. f3 Bf5 15.
O-O-O Nc6 16. Bd3 Bg6 17. Bxg6 fxg6 18. Ne4 Be3+ 19. Kb1 b6 20. Rhe1 Bh6 21. Rd7 Re6 22.
Bc3 Ne5 23. Bxe5 1-0

[Event "Late-Titled-Tuesday-Blitz-April-23-2024"]
[Site "Chess.com"]
[Date "2024.04.23"]
[Round "1"]
[White "el_sporco"]
[Black "Airquake"]
[Result "0-1"]
[WhiteElo "2358"]
[BlackElo "2662"]
[TimeControl "180+1"]
[EndTime "14:05:21 PDT"]
[Termination "Airquake won by resignation"]

1. e4 c5 2. Nf3 d6 3. d4 cxd4 4. Nxd4 Nf6 5. Nc3 a6 6. Bg5 e6 7. f4 Qb6 8. Qd2 Qxb2 9. Rb1 Qa3 10. e5 dxe5 11. fxe5 Nfd7 12. Ne4 Qxa2 13. Rd1 Qd5 14. Qe3 Qxe5 15. Be2 Bc5 16. O-O Bxd4 17. Rxd4 Nc6 18. Nd6+ Kf8 19. Rxf7+ Kg8 20. Re4 Qxd6 21. Rxe6 Qc5 22.
Re8+ Kxf7 23. Bc4+ Qxc4 24. Rxh8 Qd4 0-1

[Event "Late-Titled-Tuesday-Blitz-April-23-2024"]
[Site "Chess.com"]
[Date "2024.04.23"]
[Round "1"]
[White "cristianserban1"]
[Black "Jospem"]
[Result "0-1"]
[WhiteElo "2538"]
[BlackElo "3087"]
[TimeControl "180+1"]
[EndTime "14:05:23 PDT"]
[Termination "Jospem won by checkmate"]

1. Nf3 c5 2. b3 d5 3. e3 Nf6 4. c4 d4 5. exd4 cxd4 6. d3 Nc6 7. g3 e5 8. Bg2 h6 9. O-O Bd6 10. Na3 O-O 11. Nc2 Bf5 12. a3 a5 13. Rb1 Re8 14. b4 Bf8 15. Re1 axb4 16. axb4 e4 17. dxe4 Bxe4 18.
Nfxd4 Bxg2 19. Rxe8 Qxe8 20. Kxg2 Rd8 21. Be3 Nxd4 22. Nxd4 Qe4+ 23. Kg1 Ng4 24. Rb3 Ne5 25. Qa1 Nxc4 26. Ne2 Ne5 27. Qb1 Nf3+ 28. Kg2 Nh4+ 29. Kh3 Qg2+ 30. Kxh4 Be7+ 31. Kg4 h5+ 32. Kf4 g5+ 33.
Kf5 Qd5# 0-1

[Event "Late-Titled-Tuesday-Blitz-April-23-2024"]
[Site "Chess.com"]
[Date "2024.04.23"]
[Round "1"]
[White "Kielinkei"]
[Black "rezamahdavi2008"]
[Result "0-1"]
[WhiteElo "2504"]
[BlackElo "2915"]
[TimeControl "180+1"]
[EndTime "14:05:25 PDT"]
[Termination "rezamahdavi2008 won by resignation"]

1. c4 e5 2. g3 d6 3. Bg2 f5 4.
Nc3 Be7 5. d4 Nf6 6. e3 c6 7.
Nge2 O-O 8. O-O Na6 9. b3 e4 10.
d5 Nc5 11. Nd4 Bd7 12. dxc6 bxc6 13. Nce2 Ng4 14. Bb2 Ne5 15. Qc2 Qe8 16. Rad1 Qf7 17. Ba1 a5 18. h4 h6 19. f3 exf3 20. Nxf3 Ng4 21. Qc1 Rfe8 22. Nf4 Bf8 23. Rfe1 Rab8 24. Nd3 Ne4 0-1

[Event "Late-Titled-Tuesday-Blitz-April-23-2024"]
[Site "Chess.com"]
[Date "2024.04.23"]
[Round "1"]
[White "SultaiC"]
[Black "DanielNaroditsky"]
[Result "0-1"]
[WhiteElo "2516"]
[BlackElo "2961"]
[TimeControl "180+1"]
[EndTime "14:05:28 PDT"]
[Termination "DanielNaroditsky won by resignation"]

1. e4 Nf6 2. e5 Nd5 3. Nf3 d6 4. exd6 exd6 5. d4 Be7 6. Bd3 Bg4 7. O-O O-O 8. h3 Bh5 9. Be4 c6 10. Bxd5 cxd5 11. c3 Nd7 12. Bf4 f5 13. Nbd2 g5 14. Bh2 g4 15. Ne1 Qe8 16. Nd3 g3 17. Qb3 gxh2+ 18.
Kxh2 Be2 19. Nf4 Bxf1 20. Nxd5 Kh8 21. Rxf1 Nf6 22. Nc7 Qg6 23. Nxa8 Rxa8 24. Qxb7 Rg8 25. g3 f4 26. Rg1 Bf8 27. g4 d5 28. Nf3 Bd6 29.
Qc6 Bb8 30. g5 Ng4+ 0-1

[Event "Late-Titled-Tuesday-Blitz-April-23-2024"]
[Site "Chess.com"]
[Date "2024.04.23"]
[Round "1"]
[White "WilsonPalencia21"]
[Black "Polish_fighter3000"]
[Result "0-1"]
[WhiteElo "2541"]
[BlackElo "3119"]
[TimeControl "180+1"]
[EndTime "14:05:31 PDT"]
[Termination "Polish_fighter3000 won by resignation"]

1. d4 Nf6 2. c4 c5 3. d5 g6 4. Nf3 Bg7 5. g3 b5 6. cxb5 a6 7. b6 d6 8. Nc3 Nbd7 9. Bg2 O-O 10.
O-O a5 11. e4 Qxb6 12. Re1 Ng4 13. h3 Nge5 14. Nxe5 Nxe5 15. f4 Nd3 16. Na4 Qb4 17. Bd2 Nxb2 18. Bxb4 Nxd1 19. Raxd1 axb4 20. Nb6 Rxa2 21. e5 Ba6 22. Ra1 b3 23. Rxa2 bxa2 24. Ra1 Rb8 0-1

[Event "Late-Titled-Tuesday-Blitz-April-23-2024"]
[Site "Chess.com"]
[Date "2024.04.23"]
[Round "1"]
[White "KingCyber19"]
[Black "ChristopherYoo"]
[Result "0-1"]
[WhiteElo "2522"]
[BlackElo "2991"]
[TimeControl "180+1"]
[EndTime "14:05:31 PDT"]
[Termination "ChristopherYoo won by checkmate"]

1. d4 Nf6 2. c4 e6 3. g3 c5 4. Nf3 cxd4 5. Nxd4 Nc6 6. Bg2 Qb6 7.
Nf3 Bb4+ 8. Nbd2 O-O 9. O-O a5 10.
Nb3 a4 11. Nbd4 Bc5 12. Nc2 d5 13. cxd5 Nxd5 14. Rb1 Nc3 15. bxc3 Qxb1 16. Ncd4 Rd8 17.
Nd2 Qxa2 18. Nxc6 bxc6 19. Bxc6 Rb8 20. Qxa4 Rxd2 21. Bxd2 Qxd2 22. Bf3 Bd7 23. Qc4 Qg5 24. Rd1 Be8 25. Qa6 h6 26. h4 Qxg3+ 27. Kf1 Qxf2# 0-1

[Event "Late-Titled-Tuesday-Blitz-April-23-2024"]
[Site "Chess.com"]
[Date "2024.04.23"]
[Round "1"]
[White "GlavkonVVS"]
[Black "ashookk"]
[Result "1-0"]
[WhiteElo "2634"]
[BlackElo "2325"]
[TimeControl "180+1"]
[EndTime "14:05:31 PDT"]
[Termination "GlavkonVVS won by resignation"]

1. c4 Nf6 2. Nc3 g6 3. Nf3 Bg7 4. d4 c5 5. d5 d6 6. e4 O-O 7. h3 b5 8. cxb5 a6 9. a4 axb5 10. Bxb5 Ba6 11. Ra3 Nbd7 12. O-O Qa5 13. Bd2 Rfb8 14.
Qc2 Qb4 15. Rb3 Qa5 16. Re1 Bxb5 17. Rxb5 Rxb5 18. axb5 Nb6 19. e5 Ne8 20. exd6 exd6 21. g3 Nf6 22. Kg2 Nc4 23. Bf4 Ne8 24. Qe4 Nf6 25.
Qxc4 1-0

[Event "Late-Titled-Tuesday-Blitz-April-23-2024"]
[Site "Chess.com"]
[Date "2024.04.23"]
[Round "1"]
[White "jaskol95"]
[Black "Pig-filth"]
[Result "1-0"]
[WhiteElo "2606"]
[BlackElo "2243"]
[TimeControl "180+1"]
[EndTime "14:05:37 PDT"]
[Termination "jaskol95 won by resignation"]

1. e4 Nf6 2. e5 Nd5 3. c4 Nb6 4.
a4 a5 5. Ra3 d6 6. Re3 Nc6 7.
exd6 cxd6 8. d4 d5 9. c5 Nd7 10. Nc3 Nf6 11. Nf3 Bf5 12. Bb5 e6 13. Ne5 Rc8 14.
Qf3 Be7 15. g4 Bg6 16. g5 Ne4 17. Nxg6 hxg6 18. Nxe4 dxe4 19. Rxe4 O-O 20. Bxc6 bxc6 21. h4 Qd5 22. Rf4 Qc4 23. Be3 e5 24. dxe5 Qa6 25.
Qe2 Qb7 26. h5 gxh5 27. Qxh5 1-0

[Event "Late-Titled-Tuesday-Blitz-April-23-2024"]
[Site "Chess.com"]
[Date "2024.04.23"]
[Round "1"]
[White "DeTimmerman"]
[Black "micke12a"]
[Result "1-0"]
[WhiteElo "2745"]
[BlackElo "2437"]
[TimeControl "180+1"]
[EndTime "14:05:38 PDT"]
[Termination "DeTimmerman won on time"]

1. b4 c6 2. Bb2 Qb6 3. a3 a5 4. c4 d6 5. d4 axb4 6. c5 Qc7 7. axb4 Rxa1 8. Bxa1 d5 9. Nf3 b5 10.
e3 Bf5 11. Be2 e6 12. O-O Nf6 13.
Nc3 Nbd7 14. Bb2 Be7 15. Qb3 O-O 16. Ra1 Qb7 17. Qa2 Ne4 18. Qa7 Qc8 19. Nxb5 cxb5 20. Bxb5 Rd8 21. Bxd7 Rxd7 22. Qa8 Qxa8 23. Rxa8+ Rd8 24.
Ra7 Kf8 25. Ne5 Rb8 26. Nc6 Re8 27. b5 Nxc5 28. Nxe7 Rxe7 29. b6 Nb7 30. Ba3 Ke8 31. Bxe7 1-0

[Event "Late-Titled-Tuesday-Blitz-April-23-2024"]
[Site "Chess.com"]
[Date "2024.04.23"]
[Round "1"]
[White "Oleg_Papayan"]
[Black "semchik90"]
[Result "0-1"]
[WhiteElo "2661"]
[BlackElo "2388"]
[TimeControl "180+1"]
[EndTime "14:05:39 PDT"]
[Termination "semchik90 won by resignation"]

1. e4 Nf6 2. e5 Nd5 3. c4 Nb6 4. d4 d6 5. f4 dxe5 6. fxe5 Nc6 7. Be3 Bf5 8. Nc3 e6 9. Nf3 Bg4 10. Be2 Bxf3 11. gxf3 Qh4+ 12. Bf2 Qf4 13. c5 Nd5 14.
Qc1 Qf5 15. Nxd5 exd5 16. Qb1 Qf4 17. Qd3 O-O-O 18. Qd2 Qf5 19. b4 f6 20. b5 Ne7 21. Bg3 fxe5 22. Bxe5 Ng6 23. Bg3 h5 24. b6 axb6 25. cxb6 Bd6 26. bxc7 Bxc7 27. Rc1 Rd7 28. Qa5 Kd8 29. Rxc7 Ke8 30. Rxd7 Kxd7 31. Qc7+ Ke6 32.
Qb6+ Kf7 33. Qxb7+ Kf6 34. Qxd5 Qxd5 0-1

[Event "Late-Titled-Tuesday-Blitz-April-23-2024"]
[Site "Chess.com"]
[Date "2024.04.23"]
[Round "1"]
[White "LiemLe"]
[Black "PositionalPanther"]
[Result "1-0"]
[WhiteElo "3063"]
[BlackElo "2531"]
[TimeControl "180+1"]
[EndTime "14:05:40 PDT"]
[Termination "LiemLe won by resignation"]

1. Nf3 d5 2. e3 Nf6 3. b3 Bf5 4. Bb2 e6 5. Nh4 Bg6 6. Be2 a5 7. a3 Nbd7 8. d3 Bd6 9. Nd2 e5 10. c4 c6 11. O-O Nh5 12. g3 Nhf6 13. f4 exf4 14. exf4 h6 15. Nxg6 fxg6 16. d4 a4 17. c5 Be7 18. Qc2 Nf8 19. Bd3 Kf7 20. b4 g5 21.
fxg5 hxg5 22. Nf3 Ne6 23. Rae1 Qc8 24. Bg6+ Kg8 25. Bf5 Ne4 26. Rxe4 dxe4 27. Qxe4 Nxc5 28. dxc5 Qd8 29. Be6+ Kf8 30. Ne5+ Bf6 31. Ng6+ 1-0

[Event "Late-Titled-Tuesday-Blitz-April-23-2024"]
[Site "Chess.com"]
[Date "2024.04.23"]
[Round "1"]
[White "slorovel"]
[Black "mishanick"]
[Result "0-1"]
[WhiteElo "2549"]
[BlackElo "3157"]
[TimeControl "180+1"]
[EndTime "14:05:42 PDT"]
[Termination "mishanick won on time"]

1. e4 c5 2. Nf3 e6 3. c4 Nc6 4. Be2 e5 5. O-O d6 6. a3 h5 7. b4 b6 8. Nc3 g6 9. d3 Bg4 10.
Ne1 Bxe2 11. Nxe2 Bg7 12. b5 Nce7 13. a4 Nf6 14. Nc2 h4 15. h3 Nh5 16. a5 bxa5 17.
Bd2 O-O 18. Bxa5 Qd7 19. Bc3 f5 20. f4 fxe4 21. dxe4 exf4 22. Bxg7 Kxg7 23. Ra6 Rad8 24. Qa1+ Kg8 25. Rxa7 Qe6 26. Nc3 f3 27. Nd5 Nxd5 28.
exd5 Qe4 29. Rf2 fxg2 30. Rxf8+ Rxf8 31. Ra8 Qxc2 32. Rxf8+ Kxf8 33. Qh8+ Kf7 0-1

[Event "Late-Titled-Tuesday-Blitz-April-23-2024"]
[Site "Chess.com"]
[Date "2024.04.23"]
[Round "1"]
[White "ElCoachRene"]
[Black "Attacker_2006"]
[Result "0-1"]
[WhiteElo "1975"]
[BlackElo "2555"]
[TimeControl "180+1"]
[EndTime "14:05:43 PDT"]
[Termination "Attacker_2006 won by resignation"]

1. Nf3 d5 2. d4 Nf6 3. Bf4 e6 4. e3 Bd6 5. Bg3 O-O 6. Nbd2 c5 7. c3 Qc7 8. Ne5 Nc6 9. f4 Ne7 10. Bd3 Nf5 11. Bf2 Be7 12. O-O Nd6 13. Qf3 b6 14.
Bh4 Bb7 15. Bxf6 Bxf6 16. g4 g6 17. g5 Bg7 18. h4 f6 19. Ng4 fxg5 20. hxg5 Nf5 21.
Qh3 cxd4 22. exd4 Nxd4 23. cxd4 Bxd4+ 24. Kh2 Rxf4 25. Qg3 Raf8 26. Nf6+ Bxf6 27. Rxf4 Be5 28. Rxf8+ Kxf8 29. Rf1+ Kg8 30. Kg2 Bxg3 0-1

[Event "Late-Titled-Tuesday-Blitz-April-23-2024"]
[Site "Chess.com"]
[Date "2024.04.23"]
[Round "1"]
[White "wannabe2700"]
[Black "VladimirBugayev"]
[Result "1-0"]
[WhiteElo "2607"]
[BlackElo "2247"]
[TimeControl "180+1"]
[EndTime "14:05:45 PDT"]
[Termination "wannabe2700 won by resignation"]

1. b3 c5 2. Bb2 Nc6 3. Nf3 d6 4. d4 cxd4 5. Nxd4 Nf6 6. g3 g6 7. Bg2 Bd7 8. O-O Bg7 9. c4 O-O 10. Nc3 Nxd4 11. Qxd4 Bc6 12. Nd5 Bxd5 13. Bxd5 Ne8 14.
Qd2 Bxb2 15. Qxb2 Rb8 16. Rad1 b5 17. c5 e6 18. Bf3 b4 19. e4 Qe7 20. c6 Nc7 21.
Qd4 Rfd8 22. Qxa7 Ra8 23. Qd4 Rxa2 24. Qxb4 Raa8 25. e5 Na6 26. exd6 Qf6 27. Qf4 Qc3 28. c7 Rd7 29. Bxa8 1-0

[Event "Late-Titled-Tuesday-Blitz-April-23-2024"]
[Site "Chess.com"]
[Date "2024.04.23"]
[Round "1"]
[White "Cayse"]
[Black "Good_Knight_Kiss"]
[Result "1-0"]
[WhiteElo "2799"]
[BlackElo "2455"]
[TimeControl "180+1"]
[EndTime "14:05:47 PDT"]
[Termination "Cayse won by checkmate"]

1. e4 c5 2. c3 d5 3. exd5 Qxd5 4. d4 Nc6 5. Nf3 Bg4 6. Be2 cxd4 7. cxd4 e6 8. Nc3 Bb4 9. O-O Qa5 10. Ne4 Nf6 11. Nxf6+ gxf6 12. Be3 O-O 13. h3 Bh5 14. a3 Bd6 15.
Nd2 Bxe2 16. Qxe2 Qf5 17. Rac1 Rac8 18. b4 Ne7 19. Bh6 Rfd8 20. Ne4 Bb8 21. Qg4+ Qxg4 22. Nxf6+ Kh8 23. hxg4 Rxd4 24. Rxc8+ Nxc8 25. Rc1 Nb6 26. Be3 Rc4 27. Rd1 Be5 28. Rd8+ Kg7 29. Rg8+ Kxf6 30. Bg5# 1-0

[Event "Late-Titled-Tuesday-Blitz-April-23-2024"]
[Site "Chess.com"]
[Date "2024.04.23"]
[Round "1"]
[White "pirulillo"]
[Black "manitodeplomo"]
[Result "0-1"]
[WhiteElo "2328"]
[BlackElo "2641"]
[TimeControl "180+1"]
[EndTime "14:05:47 PDT"]
[Termination "manitodeplomo won by resignation"]

1. e4 Nf6 2. e5 Nd5 3. d4 d6 4. c4 Nb6 5. exd6 cxd6 6. Nc3 e5 7. dxe5 dxe5 8. Qxd8+ Kxd8 9. Be3 Be6 10. b3 N8d7 11. O-O-O Ba3+ 12. Kb1 Ke7 13. Bd3 Bc5 14. Nge2 Bxe3 15.
fxe3 Nc5 16. Bc2 Rhd8 17. h3 g6 18. e4 a5 19. Nd5+ Bxd5 20. exd5 f5 21. Nc3 Nc8 22.
Rhe1 e4 23. a3 Kf6 24. b4 axb4 25. axb4 Na6 26. Na2 Nb6 27. Bb3 Rac8 28. c5 Nd7 29. Bc4 Ne5 30. Bf1 Nc7 31. d6 Ne6 32. Kb2 b6 33. Ba6 Ra8 34. Bb7 Rxa2+ 35. Kxa2 bxc5 36. bxc5 Nxc5 37. Bc6 Nxc6 38. Rc1 Nd3 39. Rxc6 Nxe1 0-1

[Event "Late-Titled-Tuesday-Blitz-April-23-2024"]
[Site "Chess.com"]
[Date "2024.04.23"]
[Round "1"]
[White "ahkashefi2800"]
[Black "contrerasfiorella"]
[Result "1-0"]
[WhiteElo "2600"]
[BlackElo "2204"]
[TimeControl "180+1"]
[EndTime "14:05:48 PDT"]
[Termination "ahkashefi2800 won on time"]

1. d4 d5 2. c4 e6 3. cxd5 exd5 4.
Nc3 h6 5. Qc2 Nf6 6. Bf4 Bd6 7.
Bg3 O-O 8. e3 Nc6 9. a3 Bxg3 10.
hxg3 Ne7 11. Bd3 Be6 12. Nf3 Rc8 13. Ne2 Qd6 14. Rc1 c6 15. b4 a6 16. Nf4 Bg4 17.
Ne5 Rce8 18. Qc5 Qxc5 19. bxc5 Bf5 20. Rb1 Bxd3 21. Nfxd3 Rb8 22. O-O Rfd8 23. Rb6 Ne4 24. Rfb1 f6 25. Rxb7 1-0

[Event "Late-Titled-Tuesday-Blitz-April-23-2024"]
[Site "Chess.com"]
[Date "2024.04.23"]
[Round "1"]
[White "colegiodemadrid"]
[Black "GMBenjaminBok"]
[Result "0-1"]
[WhiteElo "2528"]
[BlackElo "3041"]
[TimeControl "180+1"]
[EndTime "14:05:49 PDT"]
[Termination "GMBenjaminBok won by resignation"]

1. e4 c5 2. Nf3 d6 3. d4 cxd4 4. Nxd4 Nf6 5. Nc3 a6 6. Bg5 Nbd7 7. f4 Qc7 8. Qf3 b5 9. O-O-O Bb7 10. Nd5 Nxd5 11.
exd5 Nb6 12. Bd3 Bxd5 13. Be4 Bxe4 14. Qxe4 d5 15. Qe3 h6 16. Bh4 Nc4 17. Qf3 e6 18.
Rhe1 Bc5 19. Nxe6 fxe6 20. Rxe6+ Kf8 21. Qxd5 Rc8 22. Qf5+ Kg8 23. Re5 Nxe5 24. fxe5 Rf8 25. Qe6+ Qf7 26. Qc6 Qf4+ 27. Kb1 Qxh4 28. Qd5+ Kh7 29.
Qxc5 Qg4 30. Re1 Qxg2 31. e6 Rf1 32. Qf5+ Rxf5 0-1

[Event "Late-Titled-Tuesday-Blitz-April-23-2024"]
[Site "Chess.com"]
[Date "2024.04.23"]
[Round "1"]
[White "staz_staz"]
[Black "AljoschaFeuerstack"]
[Result "0-1"]
[WhiteElo "2304"]
[BlackElo "2628"]
[TimeControl "180+1"]
[EndTime "14:05:49 PDT"]
[Termination "AljoschaFeuerstack won by resignation"]

1. d4 d5 2. c4 c6 3. Nf3 Nf6 4. Nc3 g6 5. cxd5 cxd5 6. Qb3 Bg7 7. h3 O-O 8. e3 Nc6 9. Be2 Na5 10. Qc2 Bf5 11. Qa4 Rc8 12. O-O a6 13. Bd2 Nc4 14. Qb3 b5 15. Rac1 Ne4 16. Rfd1 Qd7 17. Be1 Rfd8 18.
a3 Bf8 19. Na2 a5 20. Nc3 Rb8 21. Nh4 b4 22. Nxf5 bxc3 23. Qxb8 Rxb8 24. Bxc4 cxb2 25. Rb1 dxc4 0-1

[Event "Late-Titled-Tuesday-Blitz-April-23-2024"]
[Site "Chess.com"]
[Date "2024.04.23"]
[Round "1"]
[White "Zampronha1971"]
[Black "amiralfio"]
[Result "1/2-1/2"]
[WhiteElo "2446"]
[BlackElo "2745"]
[TimeControl "180+1"]
[EndTime "14:05:52 PDT"]
[Termination "Game drawn by agreement"]

1. e4 c6 2. d4 e6 3. Nf3 Be7 4. Nc3 d5 5. Bd3 Nf6 6. O-O O-O 7. Re1 dxe4 8. Nxe4 Nbd7 9. c3 Nxe4 10. Bxe4 Nf6 11. Bc2 c5 12. Bg5 cxd4 13. Nxd4 Bd7 14.
Qd3 g6 15. Qf3 Kg7 16. Rad1 h6 17. Bxf6+ Bxf6 18. Qxb7 Qc8 19. Qxd7 Qxd7 20. Nf5+ gxf5 21. Rxd7 Rfd8 22. Red1 Rxd7 23. Rxd7 Rd8 24. Rxd8 Bxd8 25. Kf1 Kf6 26. Ke2 Ke5 27. g3 f4 28. Bh7 fxg3 29.
hxg3 Bb6 30. f4+ Kf6 31. Kf3 Kg7 32. Bd3 f5 33. b4 Kf6 34. c4 Bd4 35. a4 e5 36.
fxe5+ Bxe5 37. c5 Bc3 38. b5 Bd4 39. c6 Bb6 1/2-1/2

[Event "Late-Titled-Tuesday-Blitz-April-23-2024"]
[Site "Chess.com"]
[Date "2024.04.23"]
[Round "1"]
[White "McCarthyStone"]
[Black "Bryanl106"]
[Result "1-0"]
[WhiteElo "2430"]
[BlackElo "2698"]
[TimeControl "180+1"]
[EndTime "14:05:53 PDT"]
[Termination "McCarthyStone won by resignation"]

1. b3 Nf6 2. Bb2 g6 3. Bxf6 exf6 4. c4 d5 5. cxd5 Qxd5 6. Nc3 Qd8 7. g3 Bg7 8. Bg2 O-O 9. Nf3 f5 10. O-O Nc6 11.
Rc1 f4 12. e3 fxg3 13. hxg3 Qd3 14. Ne1 Qd8 15. d4 h5 16. Nd3 h4 17. gxh4 Qxh4 18.
Qf3 Bg4 19. Qf4 Qh5 20. Qxc7 Rac8 21. Qg3 Bd7 22. Ne4 Qa5 23. a4 Ne7 24. b4 Qb6 25.
Ndc5 Bc6 26. b5 Bd5 27. Qd6 Rfd8 28. Qxe7 a6 29. Nd7 1-0

[Event "Late-Titled-Tuesday-Blitz-April-23-2024"]
[Site "Chess.com"]
[Date "2024.04.23"]
[Round "1"]
[White "chessisveryfun1264"]
[Black "Indefatigable11"]
[Result "1-0"]
[WhiteElo "2702"]
[BlackElo "2398"]
[TimeControl "180+1"]
[EndTime "14:05:54 PDT"]
[Termination "chessisveryfun1264 won on time"]

1. d4 Nf6 2. Nf3 d5 3. Bf4 c5 4. e3 Nc6 5. Nbd2 cxd4 6. exd4 Bf5 7. c3 e6 8. Qb3 Bd6 9. Bg3 Qc7 10. Bb5 O-O 11.
Bxd6 Qxd6 12. h3 a6 13. Be2 b5 14. Nh4 Bg6 15. Nxg6 hxg6 16. O-O Na5 17. Qc2 Rac8 18. Qd3 Nc4 19. Nxc4 bxc4 20. Qd2 Ne4 21. Qe3 Rb8 22. Rfb1 Rb6 23. Bxc4 Nxf2 24. Bxa6 Nxh3+ 25. Qxh3 Rxa6 26. a4 Rfa8 27. b3 Rb8 28. b4 Qd7 29. b5 Ra5 30.
Rb4 Rc8 31. Ra3 Qd6 32. Qe3 Ra7 33. a5 Rb8 34. b6 Raa8 35. Raa4 Qc6 36. Qd2 Ra6 37. Qb2 Qb7 38. Rb5 Rba8 39. Rc5 Rc8 40. c4 Rxc5 41. dxc5 dxc4 42. c6 Qb8 43. b7 Rxc6 44. a6 Rc8 45. a7 1-0

[Event "Late-Titled-Tuesday-Blitz-April-23-2024"]
[Site "Chess.com"]
[Date "2024.04.23"]
[Round "1"]
[White "JM05C"]
[Black "Kiborg95"]
[Result "0-1"]
[WhiteElo "2487"]
[BlackElo "2829"]
[TimeControl "180+1"]
[EndTime "14:05:55 PDT"]
[Termination "Kiborg95 won by resignation"]

1. e4 d6 2. d4 Nf6 3. Nc3 Nbd7 4. Nf3 e5 5. Be2 c6 6. O-O Be7 7. b3 O-O 8. Bb2 b5 9. a3 Bb7 10. Re1 Re8 11. Bf1 Bf8 12. Qd2 Qc7 13. Rad1 a5 14. dxe5 dxe5 15. a4 b4 16. Nb1 c5 17. Bb5 Rad8 18. Bd3 Nb6 19. Qe2 c4 20. Bxc4 Rxd1 21. Rxd1 Nxc4 22. bxc4 Nxe4 23. Nbd2 Nc5 24. Nb3 Nxa4 25.
Ba1 Bxf3 26. gxf3 f6 27. Rd5 Nc5 28. Nxc5 Bxc5 29. f4 e4 30. Qg4 e3 31. fxe3 Bxe3+ 32. Kg2 Qxf4 0-1

[Event "Late-Titled-Tuesday-Blitz-April-23-2024"]
[Site "Chess.com"]
[Date "2024.04.23"]
[Round "1"]
[White "RebecaJimnz"]
[Black "GelmanAlexander"]
[Result "0-1"]
[WhiteElo "2262"]
[BlackElo "2616"]
[TimeControl "180+1"]
[EndTime "14:05:58 PDT"]
[Termination "GelmanAlexander won by resignation"]

1. e4 c5 2. Nc3 e6 3. g3 a6 4. Bg2 d6 5. d3 Nc6 6. Be3 Nf6 7. h3 Be7 8. f4 Qc7 9. Nf3 Bd7 10. O-O h6 11. a4 Rb8 12. Kh1 b5 13. axb5 axb5 14. Qd2 O-O 15. g4 b4 16. Ne2 d5 17. e5 d4 18. Bf2 Nd5 19. Ng3 f6 20. exf6 Rxf6 21. Nh5 Rf7 22. Bg3 Bd6 23. Nh4 Ne3 24. Rf2 Ne7 25. Be4 Bc6 26. Ng2 N7d5 27. Re1 Rbf8 28. Kh2 Nxg2 29. Bxg2 Ne3 30. Bxc6 Qxc6 31. Rxe3 dxe3 32.
Qxe3 Qd5 33. f5 exf5 34. gxf5 Rxf5 35. Rxf5 Rxf5 36. Qe8+ Kh7 37. Qe2 Rxh5 38. Bxd6 Qxd6+ 39. Kg2 Rg5+ 0-1